 Dungeon Crawl Stone Soup version 0.30-a0-371-gad7725a93e (webtiles) character file.

Game seed: 7503621322742141848

3241 pokeman the Thaumaturge (level 9, 0/49 HPs)
             Began as a Deep Elf Hedge Wizard on Nov 21, 2022.
             Was an Initiate of Vehumet.
             Slain by a troll (8 damage)
             ... on level 9 of the Dungeon.
             The game lasted 00:25:30 (8446 turns).

pokeman the Thaumaturge (Deep Elf Hedge Wizard)     Turns: 8446, Time: 00:25:31

Health: 0/49       AC:  8    Str: 13    XL:     9   Next: 67%
Magic:  21/26      EV: 12    Int: 28    God:    Vehumet [......]
Gold:   391        SH:  0    Dex: 14    Spells: 16/31 levels left

rFire   . . .      SeeInvis .    G - +0 long sword
rCold   . . .      Faith    .    (no shield)
rNeg    . . .      Spirit   .    C - +3 leather armour "Ceudimorr" {Regen+ Int+4 Slay+2}
rPois   .          Reflect  .    c - +0 hat
rElec   .          Harm     .    h - +0 cloak
rCorr   +          Rampage  .    m - +0 pair of gloves
Will    .....                    (no boots)
Stlth   ++........               x - amulet of the acrobat
HPRegen 1.08/turn                e - +6 ring of strength
MPRegen 0.20/turn                H - ring of resist corrosion

@: no status effects
A: no striking features
a: Renounce Religion


You were on level 9 of the Dungeon.
You worshipped Vehumet.
Vehumet was noncommittal.
You visited 2 branches of the dungeon, and saw 10 of its levels.
You also visited: Ossuary.

You collected 545 gold pieces.
You spent 154 gold pieces at shops.

Inventory:

Hand Weapons
 G - a +0 long sword (weapon)
Armour
 c - a +0 hat (worn)
 h - a +0 cloak (worn)
 m - a +0 pair of gloves (worn)
 o - a +0 tower shield
 C - the +3 leather armour "Ceudimorr" (worn) {Regen+ Int+4 Slay+2}
   (You bought it in a shop on level 5 of the Dungeon)

   Int:       It affects your intelligence (+4).
   Slay:      It affects your accuracy & damage with ranged weapons and melee
   (+2).
   Regen:     It increases your rate of health regeneration.
 F - a +2 robe of cold resistance
 L - +0 steam dragon scales
Magical Staves
 k - a staff of cold
Jewellery
 e - a +6 ring of strength (left hand)
 x - an amulet of the acrobat (around neck)
 H - a ring of resist corrosion (right hand)
 I - an amulet of guardian spirit
Wands
 D - a wand of iceblast (11)
 J - a wand of charming (10)
 P - a wand of light (8)
Scrolls
 a - 3 scrolls of teleportation {unknown}
 b - 2 scrolls of brand weapon {unknown}
 g - 2 scrolls of amnesia {unknown}
 i - a scroll of silence {unknown}
 l - 2 scrolls of magic mapping {unknown}
 q - 2 scrolls of vulnerability {unknown}
 r - a scroll of enchant armour {unknown}
 s - a scroll of blinking {unknown}
 t - 5 scrolls of identify {unknown}
 w - 3 scrolls of noise {unknown}
 y - a scroll of poison {unknown}
 K - a scroll of butterflies {unknown}
 M - a scroll of fear {unknown}
 N - 2 scrolls of summoning {unknown}
Potions
 d - a potion of magic
 f - 3 potions of flight {unknown}
 j - 2 potions of berserk rage {unknown}
 n - 3 potions of lignification {unknown}
 p - 4 potions of might {unknown}
 u - 8 potions of curing {unknown}
 v - 4 potions of resistance {unknown}
 z - a potion of cancellation {unknown}
 A - 2 potions of haste {unknown}
 B - 2 potions of attraction {unknown}
 E - a potion of heal wounds {unknown}
 O - a potion of degeneration {unknown}


   Skills:
 + Level 2.7 Fighting
 - Level 3.0 Armour
 - Level 3.0 Dodging
 - Level 3.0 Stealth
 - Level 1.0 Shields
 * Level 11.6 Spellcasting
 + Level 6.2 Conjurations
 + Level 5.2 Summonings
 + Level 5.2 Necromancy
 - Level 1.1 Translocations
 - Level 1.2 Ice Magic
 - Level 1.0 Air Magic
 - Level 1.1 Poison Magic
 - Level 1.0 Evocations


You had 16 spell levels left.
You knew the following spells:

 Your Spells              Type           Power      Damage    Failure   Level
a - Magic Dart            Conj           100%       1d8       1%          1
b - Mephitic Cloud        Conj/Pois/Air  32%        N/A       4%          3
c - Call Imp              Summ           45%        N/A       1%          2
d - Blink                 Tloc           44%        N/A       4%          2
e - Haunt                 Necr/Summ      22%        N/A       99%         7

Your spell library contained the following spells:

 Spells                   Type           Power      Damage    Failure   Level
 Necrotise                Necr           100%       1d9       1%          1
 Summon Small Mammal      Summ           100%       N/A       1%          1
 Apportation              Tloc           44%        N/A       2%          1
 Cigotuvi's Dreadful Rot  Necr/Pois/Air  60%        N/A       2%          2
 Sting                    Tmut/Pois      76%        1d6       3%          1
 Slow                     Hex            64%        N/A       4%          1
 Poisonous Vapours        Pois/Air       44%        N/A       4%          2
 Animate Dead             Necr           45%        N/A       4%          4
 Olgreb's Toxic Radiance  Pois           22%        N/A       26%         4
 Infestation              Necr           22%        N/A       100%        8


Dungeon Overview and Level Annotations

Branches:
Dungeon (9/15)             Temple (1/1) D:7            Lair (0/5) D:8
Ossuary (visited)
    Orc: D:9-12

Altars:
Ashenzari
Cheibriados
Dithmenos
Elyvilon
Fedhas
Gozag
Kikubaaqudgha
Makhleb
Okawaru
Qazlal
Ru
Sif Muna
Trog
Uskayaw
Vehumet
Wu Jian
Xom
Yredelemnul
Zin
The Shining One

Shops:
D:5 [[(   D:6 *

Annotations:
D:5 2 runed translucent doors


Message History

Aim: a troll (noxious fumes, confused, 100% to hit)
The magic dart hits the troll!
The troll is lightly wounded.
The troll is engulfed in noxious fumes.
The troll appears confused.
Unknown command.
You catch the helpless troll completely off-guard!
You hit the troll but do no damage.
The troll is lightly wounded.
The troll is engulfed in noxious fumes.
The troll barely misses you. x2
The troll claws you.
Unknown command.
You barely miss the troll.
The troll is lightly wounded.
The troll is engulfed in noxious fumes.
You hit the troll.
The troll is lightly wounded.
The troll is engulfed in noxious fumes.
The troll appears confused.
The troll bites you. The troll claws you but does no damage.
The troll claws you.
You slash the troll!
The troll is heavily wounded.
The troll is engulfed in noxious fumes.
The troll bites you! The troll claws you but does no damage.
The troll closely misses you.
The troll is engulfed in noxious fumes.
The troll appears confused.
The troll closely misses you. x3
Your magical contamination has completely faded away.
You slash the troll!
The troll is severely wounded.
The troll is engulfed in noxious fumes.
The troll bites you! The troll closely misses you. The troll claws you.
Unknown command.
You barely miss the troll.
The troll is severely wounded.
You catch the helpless troll completely off-guard!
You slash the troll!
The troll is almost dead.
The troll barely misses you. The troll claws you. The troll claws you!
* * * LOW HITPOINT WARNING * * *
The troll bites you!
You die...

.#.#.#. .)...#. .#.#...
......( .#
.#.#...########.# ..
................# .##.
.#.#......########.....
.................#.....
..........@...#........
.........T.#.##..).....
...<.######..##....#
.....#....#....<...#
.....#.##.#....##......
.. #. #.##..## .#... #.
#.##.## # . #....#
######


You could see a troll (confused).

Vanquished Creatures
  A troll (D:8)
  Grinder (D:6)
  A hornet (D:9)
  2 yaks (D:9)
  A steam dragon (D:7)
  Duvessa (D:6)
  A black bear (D:8)
  An ice beast (D:7)
  2 wolves (D:8)
  A centaur (D:5)
  A necrophage (D:7)
  3 scorpions
  2 bullfrogs
  A gnoll sergeant (D:9)
  A water moccasin zombie (Ossuary)
  Dowan (D:6)
  3 electric eels (D:8)
  4 jellies
  7 hounds
  3 orc priests
  5 iguanas
  5 orc wizards
  4 adders
  7 gnolls
  2 shadow imps
  3 white imps
  3 ufetubi
  2 adder zombies (Ossuary)
  A worm (D:2)
  A dart slug (D:2)
  25 orcs
  12 bats
  2 endoplasms
  2 giant cockroaches
  3 gnoll zombies (Ossuary)
  13 goblins
  6 hobgoblins
  2 jackals (D:1)
  6 quokkas
  8 ball pythons
  7 hobgoblin zombies (Ossuary)
  3 kobolds (D:3)
  2 kobold zombies (Ossuary)
  4 orc zombies (Ossuary)
  6 rats
172 creatures vanquished.

Vanquished Creatures (collateral kills)
  A water moccasin zombie (Ossuary)
  2 mummies (Ossuary)
3 creatures vanquished.

Vanquished Creatures (others)
  An electric eel (D:8)
  A demonic plant (D:6)
2 creatures vanquished.

Grand Total: 177 creatures vanquished

Notes
Turn   | Place    | Note
-------+----------+-------------------------------------------
     0 | D:1      | pokeman the Deep Elf Hedge Wizard began the quest for the
                  | Orb.
     0 | D:1      | Reached XP level 1. HP: 10/10 MP: 7/7
   291 | D:1      | Reached XP level 2. HP: 16/16 MP: 6/9
   704 | D:1      | Reached skill level 5 in Spellcasting
  1102 | D:2      | Reached XP level 3. HP: 20/20 MP: 8/11
  1106 | D:2      | Learned a level 3 spell: Mephitic Cloud
  1109 | D:2      | Learned a level 2 spell: Call Imp
  1112 | D:2      | Learned a level 2 spell: Blink
  1719 | D:2      | Found a faded altar of an unknown god.
  1960 | D:3      | Reached skill level 1 in Armour
  2105 | D:3      | Reached skill level 1 in Fighting
  2823 | D:3      | Reached XP level 4. HP: 25/25 MP: 11/13
  3074 | D:4      | Noticed a scorpion
  3087 | D:4      | Killed a scorpion
  3088 | D:4      | Reached skill level 6 in Spellcasting
  3149 | D:3      | Reached XP level 5. HP: 16/29 MP: 0/15
  3294 | D:3      | Reached skill level 1 in Shields
  3528 | D:4      | Reached skill level 1 in Ice Magic
  3528 | D:4      | Reached XP level 6. HP: 34/34 MP: 10/17
  3600 | D:4      | Found a white marble altar of Elyvilon.
  3600 | D:4      | Found a glowing silver altar of Zin.
  3600 | D:4      | Found a glowing golden altar of the Shining One.
  4107 | D:5      | Entered Level 5 of the Dungeon
  4142 | D:5      | Reached skill level 1 in Evocations
  4184 | D:5      | Reached skill level 7 in Spellcasting
  4184 | D:5      | Found a sand-covered staircase.
  4191 | Ossuary  | Entered an ossuary
  4397 | Ossuary  | Reached skill level 1 in Air Magic
  4496 | Ossuary  | Reached skill level 1 in Poison Magic
  4609 | D:5      | Reached XP level 7. HP: 24/38 MP: 14/20
  4700 | D:5      | Found Eptej's Antique Armour Emporium.
  4708 | D:5      | Bought a faintly humming leather armour for 154 gold pieces
  4708 | D:5      | Identified the +3 leather armour "Ceudimorr" {Regen+ Int+4
                  | Slay+2} (You bought it in a shop on level 5 of the Dungeon)
  4759 | D:5      | Learned a level 7 spell: Haunt
  4797 | D:5      | You fall into a shaft and drop 3 floors!
  5123 | D:6      | Noticed Duvessa
  5127 | D:6      | Noticed Dowan
  5136 | D:6      | Killed Duvessa
  5137 | D:6      | Reached skill level 8 in Spellcasting
  5137 | D:6      | Reached skill level 1 in Necromancy
  5152 | D:6      | Killed Dowan
  5389 | D:5      | Found Apopieha's Antique Weapon Shop.
  5560 | D:5      | Reached XP level 8. HP: 43/44 MP: 17/22
  5692 | D:5      | Found a runed translucent door.
  5741 | D:5      | Found a runed translucent door.
  6041 | D:5      | Found Pyapeuff's Armour Shop.
  6111 | D:6      | Found Uredis's Assorted Antiques.
  6176 | D:6      | Noticed Grinder
  6206 | D:6      | Killed Grinder
  6207 | D:6      | Reached skill level 9 in Spellcasting
  6523 | D:7      | Found a staircase to the Ecumenical Temple.
  6529 | Temple   | Entered the Ecumenical Temple
  6657 | Temple   | Became a worshipper of Vehumet
  6982 | D:7      | Reached skill level 5 in Conjurations
  7156 | D:7      | Reached skill level 10 in Spellcasting
  7301 | D:8      | Found a staircase to the Lair.
  7312 | D:8      | Reached XP level 9. HP: 45/48 MP: 14/25
  7313 | D:8      | Noticed a troll
  7323 | D:8      | Killed a troll
  8155 | D:8      | Reached skill level 11 in Spellcasting
  8318 | D:9      | Reached skill level 5 in Summonings
  8318 | D:9      | Reached skill level 5 in Necromancy
  8432 | D:9      | Noticed a troll
  8446 | D:9      | Slain by a troll

Illustrated notes

Levels and vault maps discovered:
D:1:      scummos_arrival_gate, layout_basic
D:2:      layout_rooms, shapermc_ecumenical_altar_venn, minmay_tetromino_s4
D:3:      layout_loops_cross, st_stairs_3
D:4:      layout_rooms, dreamdust_divine_triumvirate
D:5:      lemuel_insect_pit, layout_gridville, serial_shops,
          nicolae_shop_competitors_out_of_business, nicolae_shop_stone, shop,
          chequers_ossuary_entry_cave, kennysheep_generic_room_8
D:6:      layout_gridville, serial_shops, nicolae_stop_n_shop_1,
          dreamdust_princess_corridor, minmay_tree_intersection, uniq_grinder,
          uniq_duvessa
D:7:      layout_cave_pools, minmay_temple_entry_crystal_x
D:8:      layout_loops_corners, erik_lair_island
D:9:      layout_cave_pools, serial_co_window_serial, co_window_corner_a,
          co_window_of_opportunity_a, co_window_paths_a, co_window_paths_a,
          co_window_paths_b, co_window_corner_a, co_window_of_opportunity_a,
          co_window_corner_b, co_window_of_opportunity_b, co_window_broadway_c,
          glass_columns_c, glass_columns_c, glass_columns_b, glass_columns_b,
          glass_columns_a, hangedman_decor_clover_reticule,
          minmay_protected_statue
Temple:   minmay_crystal_spiral_temple

Skill      XL: |  1  2  3  4  5  6  7  8  9 |
---------------+----------------------------+-----
Spellcasting   | 5 6 7 8 10 11 | 11.6
Armour         | 1 2 3 |  3.0
Conjurations   | 2 3 4 5 6 |  6.2
Fighting       | 1 2 |  2.7
Dodging        | 3 |  3.0
Shields        | 1 |  1.0
Stealth        | 3 |  3.0
Ice Magic      | 1 |  1.2
Evocations     | 1 |  1.0
Air Magic      | 1 |  1.0
Poison Magic   | 1 |  1.1
Necromancy     | 2 4 5 |  5.2
Summonings     | 2 4 5 |  5.2
Translocations | |  1.1

Action                   |  1- 3 |  4- 6 |  7- 9 || total
-------------------------+-------+-------+-------++-------
Melee: Dagger            |    32 |    11 |       ||    43
       War axe           |       |    80 |    21 ||   101
       Punch             |       |     1 |     1 ||     2
       Long sword        |       |       |    90 ||    90
 Cast: Magic Dart        |   121 |    71 |   171 ||   363
       Mephitic Cloud    |     1 |     7 |    28 ||    36
       Call Imp          |       |     5 |     1 ||     6
Evoke: Wand              |       |       |     3 ||     3
 Stab: Confused          |       |     3 |    14 ||    17
       Distracted        |       |     1 |       ||     1
       Sleeping          |       |       |     1 ||     1
Armor: Leather armour    |    15 |    29 |    40 ||    84
Dodge: Dodged            |    19 |    59 |   104 ||   182

Table legend: (Time is in decaauts)
 A = Elapsed time spent in this place.
 B = Non-inter-level travel time spent in this place.
 C = Inter-level travel time spent in this place.
 D = Time resting spent in this place.
 E = Time spent auto-exploring this place.
 F = Levels seen in this place.
 G = Mean time per level.
                   A        B        C        D        E       F      G
               +--------+--------+--------+--------+--------+-----+--------+
         Total |   8532 |   8221 |    311 |    303 |   6343 |  11 |  775.6 |
       Dungeon |   7889 |   7662 |    227 |    227 |   6014 |   9 |  876.6 |
        Temple |    213 |    129 |     84 |      0 |    111 |   1 |  213.0 |
       Ossuary |    429 |    429 |      0 |     76 |    218 |   1 |  429.0 |
               +--------+--------+--------+--------+--------+-----+--------+

Top non-repeatable levels by time:
     D:3: 1318 daAuts
     D:5: 1128 daAuts
     D:8: 1107 daAuts
     D:1: 1080 daAuts
     D:2: 870 daAuts
     D:4: 839 daAuts
     D:7: 836 daAuts
     D:6: 609 daAuts
 Ossuary: 429 daAuts
  Temple: 213 daAuts
     D:9: 99 daAuts
